 Dungeon Crawl Stone Soup version 0.31-a0-1598-g94871bc2e8 (webtiles) character file.

Game seed: 2214024052398015353

32 MisterFreud the Ruffian (level 3, -2/29 HPs)
             Began as a Draconian Shapeshifter on Jan 7, 2024.
             Was a Follower of Wu Jian.
             Slain by a gnoll
             ... wielding a +0 spear
              (4 damage)
             ... on level 2 of the Dungeon.
             The game lasted 00:01:02 (887 turns).

MisterFreud the Ruffian (Draconian Shapeshifter)     Turns: 887, Time: 00:01:03

Health: -2/29      AC:  5    Str: 16    XL:     3   Next: 10%
Magic:  3/3        EV: 12    Int: 10    God:    Wu Jian [*.....]
Gold:   43         SH:  0    Dex: 12    Spells: 2/2 levels left

rFire   . .          .
                       - Unarmed
rCold   . . .        (no shield)
rNeg    . . .        (body armour unavailable)
rPois   .            (helmet currently unavailable)
rElec   .            (cloak currently unavailable)
rCorr   .            (gloves currently unavailable)
SInv    .            (boots currently unavailable)
Will    .....        (no amulet)
Stlth   +            (no ring)
HPRegen 0.24/turn    (no ring)
MPRegen 0.08/turn

%: no passive effects
@: beast-form
A: beast (slay +1), AC +5, unfitting armour, cold-blooded
a: Begin Untransformation, Renounce Religion


You were on level 2 of the Dungeon.
You worshipped Wu Jian.
Wu Jian was aware of your devotion.
You were a hulking beast.
You visited 1 branch of the dungeon, and saw 2 of its levels.

You collected 43 gold pieces.

Inventory:

Missiles
 i - 2 throwing nets
Jewellery
 h - a ring of magical power
 j - a ring of flight
Talismans
 b - a beast talisman
 c - a flux talisman
Scrolls
 d - 2 scrolls of identify {unknown}
 g - a scroll of enchant armour {unknown}
Potions
 a - a potion of lignification
 e - a potion of resistance {unknown}
 f - a potion of might {unknown}


   Skills:
 + Level 2.1 Fighting
 - Level 1.7 Dodging
 + Level 3.4 Unarmed Combat
 + Level 3.3 Shapeshifting


You had 2 spell levels left.
You didn't know any spells.
Your spell library contained the following spells:

 Spells                   Type           Power      Damage    Failure   Level
 Lesser Beckoning         Tloc           0%         N/A       50%         2
 Gell's Gravitas          Tloc           0%         N/A       75%         3
 Teleport Other           Tloc           0%         N/A       75%         3


Dungeon Overview and Level Annotations

Branches:
Dungeon (2/15)

Altars:
Qazlal
Wu Jian


Innate Abilities, Weirdness & Mutations

You are a hulking beast.
Your limbs bulge with bestial killing power. (Slay +1)
Your plain brown scales are hard. (AC +5)
You cannot fit into any form of body armour.
You are cold-blooded and may be slowed by cold attacks.


Message History

You see here a throwing net.
There are monsters nearby!
You are held in a net!
You are held in a net!
You struggle against the net.
Unknown command.
You struggle against the net.
The gnoll shouts!
A kobold comes into view. It is wielding a +0 short sword.
You rip the net and break free!
The gnoll hits you with a +0 flail.
You spin and attack the gnoll.
You hit the gnoll.
The gnoll is lightly wounded.
The gnoll misses you. The gnoll closely misses you.
The gnoll throws a throwing net.
The throwing net hits you.
You become entangled in the net!
You see here a throwing net.
You struggle against the net.
You tear a large gash into the net.
The gnoll hits you but does no damage.
You struggle against the net.
The gnoll barely misses you. x2
You rip the net and break free!
The gnoll hits you from afar with a +0 spear.
The gnoll hits you with a +0 flail! The gnoll attacks as it pursues you!
The gnoll misses you.
An endoplasm comes into view.
The gnoll attacks as it pursues you! The gnoll hits you with a +0 flail.
You see here an adder corpse.
The gnoll attacks as it pursues you! The gnoll closely misses you.
The gnoll attacks as it pursues you! The gnoll hits you with a +0 flail.
* * * LOW HITPOINT WARNING * * *
You punch the gnoll!
The gnoll is heavily wounded.
The gnoll barely misses you.
You hit the gnoll.
The gnoll is almost dead.
You closely miss the gnoll.
The gnoll is almost dead.
The gnoll hits you with a +0 flail.
* * * LOW HITPOINT WARNING * * *
The gnoll hits you from afar with a +0 spear.
You die...

#...._...# ##.#......#
#.........# #.###...#.#
##.####....# #.........##
##.#####..#
.######.#####..#############
#........ggh................
.##.###.g#####.####.#######.
#..# #.####......... #..#
#.............. ###g.#
#############.# #.gg.# #.#
#r#..# #.# #.#.K# #.. #.#..#
###


You could see 2 gnolls and a hobgoblin.

Vanquished Creatures
  An adder (D:2)
  2 dart slugs (D:1)
  2 endoplasms
  4 hobgoblins (D:1)
  2 jackals (D:1)
  A kobold (D:1)
  2 quokkas (D:1)
  2 bats (D:1)
  A goblin (D:1)
17 creatures vanquished.

Notes
Turn   | Place    | Note
-------+----------+-------------------------------------------
     0 | D:1      | MisterFreud the Draconian Shapeshifter began the quest for
                  | the Orb.
     0 | D:1      | Reached XP level 1. HP: 16/16 MP: 1/1
   154 | D:1      | Reached XP level 2. HP: 23/23 MP: 2/2
   171 | D:1      | Found a faded altar of an unknown god.
   194 | D:1      | Prayed at the altar of an unknown god.
   194 | D:1      | Became a worshipper of the Wu Jian Council
   194 | D:1      | Reached * piety under Wu Jian
   831 | D:2      | Found a stormy altar of Qazlal.
   853 | D:2      | Reached XP level 3. HP: 29/29 MP: 3/3
   887 | D:2      | Slain by a gnoll

Illustrated notes

Levels and vault maps discovered:
D:1:      minmay_arrival_stair_chambers, layout_loops_ring,
          dreamdust_ecumenical_altar_statues, skrybe_limestone_x
D:2:      layout_loops_ring, basic_altar

Skill      XL: |  1  2 |
---------------+-------+-----
Fighting       | 2 |  2.1
Dodging        | |  1.7
Unarmed Combat | |  3.4
Shapeshifting  | |  3.3

Action                     || total
---------------------------++-------
  Melee: Unarmed           ||    60
         Tailslap          ||     6
         Punch             ||     1
Ability: Lunge             ||     3
         Whirlwind         ||     1
   Stab: Sleeping          ||     1
 Armour: Skin              ||    27
  Dodge: Dodged            ||    34

Table legend: (Time is in decaauts)
 A = Elapsed time spent in this place.
 B = Non-inter-level travel time spent in this place.
 C = Inter-level travel time spent in this place.
 D = Time resting spent in this place.
 E = Time spent auto-exploring this place.
 F = Levels seen in this place.
 G = Mean time per level.
                   A        B        C        D        E       F      G
               +--------+--------+--------+--------+--------+-----+--------+
         Total |    883 |    847 |     36 |      0 |    700 |   2 |  441.5 |
       Dungeon |    883 |    847 |     36 |      0 |    700 |   2 |  441.5 |
               +--------+--------+--------+--------+--------+-----+--------+

Top non-repeatable levels by time:
     D:1: 772 daAuts
     D:2: 111 daAuts
